 Dungeon Crawl Stone Soup version 0.25-a0-310-g60f0ac2 (webtiles) character file.

Game seed: 12989017707533172401, levelgen mode: deterministic

171 Buxparty the Archer (level 5, 0/42 HPs)
             Began as a Centaur Hunter on Dec 23, 2019.
             Succumbed to an orc wizard's poison
             ... on level 3 of the Dungeon.
             The game lasted 00:11:17 (2298 turns).

Buxparty the Archer (Centaur Hunter)                Turns: 2298, Time: 00:11:17

Health: 0/42       AC:  7    Str: 15    XL:     5   Next: 26%
Magic:  5/5        EV: 24    Int: 10    God:
Gold:   49         SH:  0    Dex: 10    Spells: 4/4 levels left

rFire    . . .     SeeInvis .   a - +1 shortbow
rCold    . . .     Gourm    .   (shield currently unavailable)
rNeg     . . .     Faith    .   c - +0 leather armour
rPois    .         Spirit   .   (no helmet)
rElec    .         Reflect  .   (no cloak)
rCorr    .         Harm     .   t - +2 pair of gloves
MR       +....                  (no barding)
Stlth    +.........             l - amulet of the acrobat
HPRegen  0.14/turn              p - ring of protection from magic
MPRegen  0.09/turn              (no ring)

@: lethally poisoned (0 -> -21), acrobat, very quick
A: large, hooves 3, deformed body, speed 2, tough skin 3
a: no special abilities


You were on level 3 of the Dungeon.
You were not hungry.

You visited 1 branch of the dungeon, and saw 3 of its levels.

You collected 49 gold pieces.

Inventory:

Hand Weapons
 a - a +1 shortbow (weapon)
 b - a +0 short sword
 e - a +2 spear of venom
Missiles
 d - 8 arrows (quivered)
Armour
 c - a +0 leather armour (worn)
 m - a +0 leather armour
 t - a +2 pair of gloves (worn)
 y - a cursed +0 shield
Jewellery
 l - an amulet of the acrobat (around neck)
 p - a ring of protection from magic (left hand)
 v - a cursed -3 ring of intelligence {unknown}
 x - a +2 ring of dexterity {unknown}
Scrolls
 g - 4 scrolls of identify
 o - a scroll of magic mapping {unknown}
 q - a scroll of amnesia {unknown}
 r - a scroll of enchant armour {unknown}
 u - a scroll of random uselessness {unknown}
Potions
 h - a potion of mutation {unknown}
 i - a potion of might {unknown}
 j - a potion of flight {unknown}
 k - 2 potions of degeneration {unknown}
 n - a potion of lignification {unknown}
 s - a potion of ambrosia {unknown}
 w - a potion of magic {unknown}
Comestibles
 f - 4 rations


   Skills:
 - Level 2.3 Fighting
 + Level 8.1 Bows
 + Level 0.8 Armour
 + Level 1.6 Dodging
 + Level 0.4 Stealth


You had 4 spell levels left.
You didn't know any spells.
Your spell library was empty.

Dungeon Overview and Level Annotations

Branches:
Dungeon (3/15)

Altars:
Ashenzari
Elyvilon
Ru
Sif Muna
Uskayaw


Innate Abilities, Weirdness & Mutations

You have hooves in place of feet.
Armour fits poorly on your strangely shaped body.
You cover ground very quickly.
You have extremely tough skin. (AC +3)


Message History

The orc closely misses you.
The orc wizard hits you with a +0 dagger.
Unknown command.
You are too injured to fight recklessly!
You are too injured to fight recklessly!
You are too injured to fight recklessly!
You are too injured to fight recklessly!
You are too injured to fight recklessly!
You feel sick.
You feel sick.
The orc wizard points at you and mumbles some strange words.
The puff of frost hits you!
* * * LOW HITPOINT WARNING * * *
* * * LOW HITPOINT WARNING * * *
You feel sick.
* * * LOW HITPOINT WARNING * * *
You feel sick.
* * * LOW HITPOINT WARNING * * *
You feel sick.
You die...

. #< #.(# #..###((#
#.....(o# .#
##.###o## .. #.# .#
#o# .# ###### #.#
.# #....####.#
.########.##.#..@.#
........#.##.#.####
.)).).....##.#.#
†######.####.#.# ##
#.# #.#.# #.#
#.#.####### #.#
#.......... #.#
###........ #.#
#########


You could see an orc wizard and 2 orcs.

Vanquished Creatures
  A crimson imp (D:2)
  Robin (D:3)
  4 adders
  2 oozes
  2 worms
  4 dart slugs
  2 leopard geckos (D:2)
  An orc (D:3)
  4 ball pythons (D:1)
  6 bats
  2 giant cockroaches (D:1)
  11 goblins
  10 hobgoblins
  2 kobolds (D:2)
  4 frilled lizards
  9 rats
65 creatures vanquished.

Notes
Turn   | Place    | Note
-------+----------+-------------------------------------------
     0 | D:1      | Buxparty the Centaur Hunter began the quest for the Orb.
     0 | D:1      | Reached XP level 1. HP: 17/17 MP: 1/1
    69 | D:1      | Reached XP level 2. HP: 21/25 MP: 2/2
   269 | D:1      | Reached skill level 6 in Bows
   463 | D:1      | Reached XP level 3. HP: 30/30 MP: 3/3
   905 | D:2      | Reached skill level 7 in Bows
   906 | D:2      | Reached XP level 4. HP: 22/37 MP: 4/4
  1286 | D:2      | Found a sacrificial altar of Ru.
  1469 | D:2      | Found a shattered altar of Ashenzari.
  1640 | D:2      | Found a white marble altar of Elyvilon.
  1657 | D:2      | Reached XP level 5. HP: 42/42 MP: 5/5
  1966 | D:2      | Found a hide-covered altar of Uskayaw.
  1967 | D:2      | Found a shimmering blue altar of Sif Muna.
  2207 | D:3      | Noticed Robin
  2224 | D:3      | Reached skill level 8 in Bows
  2227 | D:3      | Killed Robin
  2297 | D:3      | HP: 2/42 [poisoned by an orc wizard]
  2298 | D:3      | Succumbed to an orc wizard's poison

Levels and vault maps discovered:
D:1:      dpeg_arrival_rooms_c, layout_loops_cross, minmay_misc_feat_room,
          minmay_shallow_snake_nest
D:2:      layout_basic, ashenzari_conservatory_becter, nicolae_ru_awakened_eye,
          gammafunk_temple_overflow_pools, first_ration, elyvilon_altar_3
D:3:      layout_loops_ring, cheibrodos_sewer_entry_bend,
          uniq_crazy_yiuf_cottage, uniq_robin, uniq_terence

Skill      XL: |  1  2  3  4  5 |
---------------+----------------+-----
Bows           | 6 7 8 |  8.1
Fighting       | |  2.3
Armour         | |  0.8
Dodging        | |  1.6
Stealth        | |  0.4

Action                   |  1- 3 |  4- 6 || total
-------------------------+-------+-------++-------
Melee: Spear             |       |     5 ||     5
       Short sword       |       |     1 ||     1
       Kick              |       |     1 ||     1
 Fire: Shortbow          |    77 |   109 ||   186
  Use: Scroll            |       |     1 ||     1
  Eat: Ration            |       |     1 ||     1
Armor: Leather armour    |    22 |    16 ||    38
Dodge: Dodged            |    27 |    27 ||    54

Table legend:
 A = Non-vault XP
 B = Vault XP
 C = Vault XP percentage of total XP
 D = Non-vault monster count
 E = Vault monster count
 F = Vault count percentage of total count
                 A         B        C        D         E       F
            +---------+---------+-------+---------+---------+-------
      Total |     197 |      48 |  19.6 |      53 |      12 |  18.5
            +---------+---------+-------+---------+---------+-------
        D:1 |      49 |      18 |  26.9 |      23 |       4 |  14.8
        D:2 |     141 |       0 |   0.0 |      27 |       0 |   0.0
        D:3 |       7 |      30 |  81.1 |       3 |       8 |  72.7
            +---------+---------+-------+---------+---------+-------
